% Time on Ice - RENO LIONS
Lines # - Real PCT - Wanted PCT - Time Play
Normal Forward
1 - 43% - 40% - 21:29
2 - 29% - 30% - 14:38
3 - 20% - 20% - 9:50
4 - 8% - 10% - 4:05
Normal Defense
1 - 36% - 36% - 18:04
2 - 33% - 31% - 16:35
3 - 24% - 23% - 12:02
4 - 7% - 10% - 3:21
PP Forward
1 - 66% - 65% - 3:12
2 - 34% - 35% - 1:37
PP Defense
1 - 51% - 60% - 2:28
2 - 49% - 40% - 2:21
PK Forward
1 - 59% - 55% - 3:01
2 - 41% - 45% - 2:08
PK Defense
1 - 76% - 55% - 3:56
2 - 24% - 45% - 1:13
PK3 Forward
1 - 0% - 55%
2 - 0% - 45%
PK3 Defense
1 - 0% - 55%
2 - 0% - 45%
44 Forward
1 - 0% - 55%
2 - 0% - 45%
44 Defense
1 - 0% - 55%
2 - 0% - 45%
Last Minute Offensive  - 0:00
Last Minute Defensive  - 0:00
Total
Forward - 60:00
Defense - 60:00
% Time on Ice - ANCHORAGE ACES
Lines # - Real PCT - Wanted PCT - Time Play
Normal Forward
1 - 35% - 36% - 17:19
2 - 29% - 31% - 14:22
3 - 21% - 23% - 10:38
4 - 15% - 10% - 7:43
Normal Defense
1 - 36% - 33% - 17:46
2 - 31% - 33% - 15:33
3 - 25% - 21% - 12:38
4 - 8% - 13% - 4:05
PP Forward
1 - 65% - 55% - 3:20
2 - 35% - 45% - 1:49
PP Defense
1 - 64% - 50% - 3:17
2 - 36% - 50% - 1:52
PK Forward
1 - 42% - 50% - 2:01
2 - 58% - 50% - 2:48
PK Defense
1 - 38% - 50% - 1:49
2 - 62% - 50% - 3:00
PK3 Forward
1 - 0% - 55%
2 - 0% - 45%
PK3 Defense
1 - 0% - 55%
2 - 0% - 45%
44 Forward
1 - 0% - 50%
2 - 0% - 50%
44 Defense
1 - 0% - 55%
2 - 0% - 45%
Last Minute Offensive  - 0:00
Last Minute Defensive  - 0:00
Total
Forward - 60:00
Defense - 60:00
Play-by-Play 1st period 0:01 of 1st period - Steven Stamkos wins face-off versus Connor McDavid in neutral zone. 0:04 of 1st period - Connor McDavid is hit by Steven Stamkos and loses puck. 0:25 of 1st period - Icing by Steven Stamkos. 0:26 of 1st period - Joshua Norris wins face-off versus Steven Stamkos in RENO LIONS zone. 0:37 of 1st period - Chris Kreider is hit by Steven Stamkos and loses puck. 0:39 of 1st period - Minor Penalty to Jakob Chychrun for Hooking. 0:40 of 1st period - Phillip Danault wins face-off versus Pierre-Luc Dubois in ANCHORAGE ACES zone. 0:51 of 1st period - Seth Jones is hit by Pierre-Luc Dubois and loses puck. 1:04 of 1st period - Shot by Pierre-Luc Dubois. 1:04 of 1st period - Shot Misses the Net. 1:06 of 1st period - Shot by Pierre-Luc Dubois. 1:06 of 1st period - Shot Misses the Net. 1:08 of 1st period - Shot by Ilya Mikheyev. 1:08 of 1st period - Shot Misses the Net. 1:51 of 1st period - Shot by Kirill Kaprizov. 1:51 of 1st period - Stopped by Darcy Kuemper with a rebound. 2:42 of 1st period - Shot by Connor McDavid. 2:42 of 1st period - Stopped by Elvis Merzlikins without a rebound. 2:43 of 1st period - Derek Grant wins face-off versus Connor McDavid in RENO LIONS zone. 2:58 of 1st period - Shot by Connor McDavid. 2:58 of 1st period - Goal by Connor McDavid - RENO LIONS : 0 - ANCHORAGE ACES : 1. 2:59 of 1st period - Jonathan Audy-Marchessault wins face-off versus Vincent Hinostroza in neutral zone. 3:18 of 1st period - Shot by Chris Kreider. 3:18 of 1st period - Shot Blocked by Ethan Bear. 3:20 of 1st period - Shot by Jonathan Audy-Marchessault. 3:20 of 1st period - Shot Blocked by Ethan Bear. 3:22 of 1st period - Shot by Chris Kreider. 3:22 of 1st period - Shot Misses the Net. 3:24 of 1st period - Shot by Jonathan Audy-Marchessault. 3:24 of 1st period - Stopped by Elvis Merzlikins with a rebound. 4:01 of 1st period - Icing by Ryan Pulock. 4:02 of 1st period - Pierre-Luc Dubois wins face-off versus Phillip Danault in ANCHORAGE ACES zone. 5:54 of 1st period - Shot by Chris Kreider. 5:54 of 1st period - Shot Misses the Net. 5:56 of 1st period - Shot by Joshua Norris. 5:56 of 1st period - Deflect By Chris Kreider. 5:56 of 1st period - Stopped by Elvis Merzlikins without a rebound. 5:57 of 1st period - Derek Grant wins face-off versus Casey Cizikas in RENO LIONS zone. 5:57 of 1st period - Derek Grant is hit by Casey Cizikas. 6:12 of 1st period - Off-side. 6:13 of 1st period - Joshua Norris wins face-off versus Patrick Brown in neutral zone. 6:20 of 1st period - Shot by Joshua Norris. 6:20 of 1st period - Goal by Joshua Norris - RENO LIONS : 0 - ANCHORAGE ACES : 2. 6:21 of 1st period - Pierre-Luc Dubois wins face-off versus Connor McDavid in neutral zone. 6:41 of 1st period - Shot by Nikolaj Ehlers. 6:41 of 1st period - Stopped by Elvis Merzlikins without a rebound. 6:42 of 1st period - Phillip Danault wins face-off versus Steven Stamkos in RENO LIONS zone. 6:42 of 1st period - Erik Haula is hit by Nikita Zadorov and loses puck. 6:56 of 1st period - Icing by Kirill Kaprizov. 6:57 of 1st period - Steven Stamkos wins face-off versus Joshua Norris in RENO LIONS zone. 7:13 of 1st period - Joshua Norris is hit by Nikita Zadorov and loses puck. 7:53 of 1st period - Off-side. 7:54 of 1st period - Pierre-Luc Dubois wins face-off versus Connor McDavid in neutral zone. 7:58 of 1st period - Jacob Trouba is hit by Jani Hakanpaa and loses puck. 8:10 of 1st period - Connor McDavid is hit by Jacob Trouba and loses puck. 8:23 of 1st period - Shot by Cam Atkinson. 8:23 of 1st period - Stopped by Darcy Kuemper with a rebound. 8:46 of 1st period - Icing by Nathan MacKinnon. 8:47 of 1st period - Connor McDavid wins face-off versus Derek Grant in ANCHORAGE ACES zone. 8:47 of 1st period - Connor McDavid is hit by Derek Grant. 9:19 of 1st period - Shot by Conor Sheary. 9:19 of 1st period - Shot Blocked by Robert Hagg. 9:21 of 1st period - Shot by Ryan Pulock. 9:21 of 1st period - Shot Misses the Net. 9:27 of 1st period - Shot by Erik Haula. 9:27 of 1st period - Shot Blocked by Derek Grant. 9:29 of 1st period - Shot by Phillip Danault. 9:29 of 1st period - Stopped by Elvis Merzlikins with a rebound. 9:31 of 1st period - Shot by Erik Haula. 9:31 of 1st period - Goal by Erik Haula - RENO LIONS : 0 - ANCHORAGE ACES : 3. 9:32 of 1st period - Casey Cizikas wins face-off versus Steven Stamkos in neutral zone. 10:40 of 1st period - Shot by Pierre-Luc Dubois. 10:40 of 1st period - Stopped by Darcy Kuemper without a rebound. 10:41 of 1st period - Derek Grant wins face-off versus Connor McDavid in ANCHORAGE ACES zone. 10:52 of 1st period - Shot by Andreas Johnsson. 10:52 of 1st period - Stopped by Darcy Kuemper without a rebound. 10:53 of 1st period - Phillip Danault wins face-off versus Pierre-Luc Dubois in ANCHORAGE ACES zone. 12:02 of 1st period - Shot by Nikolaj Ehlers. 12:02 of 1st period - Shot Misses the Net. 12:04 of 1st period - Shot by Nikolaj Ehlers. 12:04 of 1st period - Goal by Nikolaj Ehlers - RENO LIONS : 0 - ANCHORAGE ACES : 4. 12:04 of 1st period - Eric Comrie enters game. 12:05 of 1st period - Joshua Norris wins face-off versus Derek Grant in neutral zone. 12:18 of 1st period - Shot by Chris Kreider. 12:18 of 1st period - Goal by Chris Kreider - RENO LIONS : 0 - ANCHORAGE ACES : 5. 12:19 of 1st period - Connor McDavid wins face-off versus Steven Stamkos in neutral zone. 13:21 of 1st period - Shot by Jonathan Audy-Marchessault. 13:21 of 1st period - Stopped by Eric Comrie without a rebound. 13:22 of 1st period - Derek Grant wins face-off versus Phillip Danault in RENO LIONS zone. 13:22 of 1st period - Derek Grant is hit by Erik Haula. 14:20 of 1st period - Derek Grant is hit by Erik Haula and loses puck. 14:21 of 1st period - Minor Penalty to Erik Haula for High sticking. 14:22 of 1st period - Phillip Danault wins face-off versus Pierre-Luc Dubois in ANCHORAGE ACES zone. 14:50 of 1st period - Shot by Cam Atkinson. 14:50 of 1st period - Stopped by Darcy Kuemper without a rebound. 14:51 of 1st period - Steven Stamkos wins face-off versus Phillip Danault in ANCHORAGE ACES zone. 15:04 of 1st period - Shot by Steven Stamkos. 15:04 of 1st period - Shot Misses the Net. 15:06 of 1st period - Shot by Jacob Trouba. 15:06 of 1st period - Stopped by Darcy Kuemper with a rebound. 15:08 of 1st period - Shot by Kirill Kaprizov. 15:08 of 1st period - Shot Misses the Net. 15:24 of 1st period - Shot by Steven Stamkos. 15:24 of 1st period - Stopped by Darcy Kuemper without a rebound. 15:25 of 1st period - Nikolaj Ehlers wins face-off versus Pierre-Luc Dubois in ANCHORAGE ACES zone. 15:25 of 1st period - Nikolaj Ehlers is hit by Nikita Zadorov. 15:31 of 1st period - Shot by Chris Kreider. 15:31 of 1st period - Stopped by Eric Comrie with a rebound. 16:29 of 1st period - Shot by Vincent Hinostroza. 16:29 of 1st period - Shot Misses the Net. 16:40 of 1st period - Icing by Casey Cizikas. 16:41 of 1st period - Steven Stamkos wins face-off versus Casey Cizikas in ANCHORAGE ACES zone. 17:17 of 1st period - Phillip Danault is hit by Oliver Ekman-Larsson and loses puck. 17:38 of 1st period - Trevor Lewis is hit by Erik Haula and loses puck. 18:16 of 1st period - Jonathan Audy-Marchessault is hit by Trevor Lewis and loses puck. 18:41 of 1st period - Shot by Jonathan Audy-Marchessault. 18:41 of 1st period - Stopped by Eric Comrie without a rebound. 18:42 of 1st period - Patrick Brown wins face-off versus Connor McDavid in RENO LIONS zone. 18:47 of 1st period - Jacob Trouba is hit by Nathan MacKinnon and loses puck. 18:56 of 1st period - Oliver Ekman-Larsson is hit by Connor McDavid and loses puck. 19:08 of 1st period - Jacob Trouba is hit by Robert Bortuzzo and loses puck. 19:26 of 1st period - Icing by Ryan Pulock. 19:27 of 1st period - Connor McDavid wins face-off versus Steven Stamkos in ANCHORAGE ACES zone. 19:49 of 1st period - Kirill Kaprizov is hit by Robert Bortuzzo and loses puck. Goals for this period are 0 for RENO LIONS vs 5 for ANCHORAGE ACES. Shots for this period are 7 for RENO LIONS vs 13 for ANCHORAGE ACES. 2nd period 0:01 of 2nd period - Joshua Norris wins face-off versus Pierre-Luc Dubois in neutral zone. 0:03 of 2nd period - Off-side. 0:04 of 2nd period - Pierre-Luc Dubois wins face-off versus Jonathan Audy-Marchessault in neutral zone. 0:07 of 2nd period - Jakob Chychrun is hit by Pierre-Luc Dubois. 0:17 of 2nd period - Shot by Jonathan Audy-Marchessault. 0:17 of 2nd period - Stopped by Eric Comrie without a rebound. 0:18 of 2nd period - Connor McDavid wins face-off versus Steven Stamkos in RENO LIONS zone. 0:41 of 2nd period - Shot by Kirill Kaprizov. 0:41 of 2nd period - Stopped by Darcy Kuemper without a rebound. 0:42 of 2nd period - Pierre-Luc Dubois wins face-off versus Joshua Norris in ANCHORAGE ACES zone. 0:49 of 2nd period - Shot by Cam Atkinson. 0:49 of 2nd period - Stopped by Darcy Kuemper without a rebound. 0:50 of 2nd period - Pierre-Luc Dubois wins fa